Description

PartinG's blink stalker "semi all-in" build that he used against Maru. This is taken from Harstem's guide on youtube (see VOD attached to this build). I highly recommend watching the VOD to understand the build and how you are meant to execute it, also checkout his channel as he has plenty of great guides for Protoss.

VOD

https://www.youtube.com/watch?v=PmSrYtYGqdw

Replay - Eternal Empire LE (189)

Build Order

Get SALT Encoding   

  12  0:01  Probe  
  13  0:13  Probe  
  14  0:17  Pylon  
  14  0:25  Probe (Chrono Boost)  
  15  0:35  Gateway  
  15  0:37  Probe (Chrono Boost)  
  16  0:46  Probe (Chrono Boost)  
  16  0:47  Assimilator  
  17  0:51  Probe  
  18  1:04  Probe  
  19  1:16  Probe  
  20  1:24  Cybernetics Core  
  20  1:35  Nexus  
  20  1:40  Pylon  
  20  1:42  Probe  
  21  1:49  Assimilator  
  21  1:54  Probe  
  21  1:57  Adept (Chrono Boost)  
  21  2:00  Warp Gate  
  25  2:17  Stalker (Chrono Boost)  
  28  2:32  Twilight Council  
  29  2:41  Stalker  
  34  2:59  Robotics Facility  
  37  3:19  Blink (Chrono Boost)  
  38  3:23  Gateway x2  
  40  3:39  Gateway  
  40  3:45  Pylon  
  40  3:47  Observer  
  43  3:52  Stalker  
  46  4:01  Pylon  
  46  4:08  Warp Prism (Chrono Boost)  
  49  4:16  Stalker x2  
  51  4:22  Pylon  
  53  4:24  Stalker  
  53  4:30  Assimilator  
  55  4:33  Stalker  
  59  4:40  Stalker  
  61  4:48  Stalker  
  64  5:03  Stalker  
  72  5:28  Nexus  
Spawning Tool Build Advisor. Get it on Overwolf

Go to:

Details

  • Created by: janpol8
  • Published on: Jun 01, 2020
  • Modified on: Jun 01, 2020
  • Patch: 4.11.0
  • Difficulty: Medium
Show
View Real Time Build Order
Export as new Build Order

Comments (0)

There are no comments. Be the first!

Create an account to comment!